Map: 블루시프트 - 래더

Players

Rail

  • Race: Protoss Protoss
  • League: Master
  • Spawn Location: 1:00

Rogue - Winner!

  • Race: Zerg Zerg
  • Spawn Location: 7:00

Event: HomeStory Cup XVIII

VOD

Have the link to the VOD?

Description

Time

  • Played on: Nov. 22, 2018, 10:52 a.m.
  • Length: 12:25

All games in this series

Show
View Real Time Build Order
Export as new Build Order

Rail Protoss 

Build Orders: 1 Gate Expand, Oracle Opening, Phoenix Opening, Carriers, Chargelot Immortal 

Get SALT Encoding   

  12  0:00  Probe  
  13  0:12  Probe  
  14  0:18  Pylon  
  14  0:24  Probe  
  15  0:32  Probe  
  15  0:38  Gateway  
  15  0:40  Probe  
  16  0:47  Assimilator  
  17  0:51  Probe  
  18  1:03  Probe  
  19  1:20  Nexus  
  19  1:29  Cybernetics Core  
  19  1:32  Probe  
  20  1:38  Assimilator  
  20  1:43  Probe  
  21  1:49  Pylon  
  21  1:51  Probe  
  21  1:58  Adept  
  21  1:59  Probe  
  25  2:11  Probe  
  26  2:18  Stargate  
  26  2:23  Probe  
  26  2:24  Adept  
  26  2:29  Probe  
  29  2:31  Warp Gate  
  29  2:35  Probe  
  31  2:37  Probe  
  32  2:47  Probe x2  
  34  2:53  Oracle  
  34  2:59  Probe x2  
  39  3:11  Gateway, Probe x2  
  41  3:13  Pylon  
  41  3:16  Adept  
  43  3:23  Probe  
  43  3:24  Probe  
  45  3:31  Phoenix  
  45  3:32  Shield Battery  
  45  3:33  Probe  
  47  3:36  Probe  
  47  3:38  Assimilator  
  49  3:41  Probe  
  50  3:49  Pylon, Probe  
  50  3:50  Probe  
  52  4:01  Probe  
  53  4:04  Nexus  
  53  4:07  Probe  
  53  4:09  Assimilator  
  54  4:17  Probe, Robotics Facility  
  54  4:19  Shield Battery  
  54  4:20  Probe  
  56  4:28  Robotics Facility  
  56  4:32  Probe  
  56  4:38  Twilight Council  
  57  4:41  Probe  
  57  4:44  Probe  
  57  4:45  Pylon  
  59  4:51  Pylon  
  59  4:53  Probe  
  59  4:56  Pylon, Probe  
  61  5:04  Sentry  
  61  5:05  Sentry  
  61  5:06  Probe, Immortal  
  70  5:09  Probe  
  71  5:16  Probe x2  
  71  5:19  Probe  
  73  5:22  Immortal  
  73  5:24  Charge, Probe x2  
  73  5:27  Probe  
  78  5:33  Probe x2  
  78  5:34  Pylon  
  81  5:36  Probe  
  81  5:38  Templar Archives  
  84  5:44  Probe  
  84  5:45  Immortal  
  84  5:46  Probe  
  84  5:48  Assimilator  
  90  5:50  Probe  
  90  5:52  Psionic Storm  
  89  5:58  Probe  
  89  5:59  Probe  
  89  6:01  Assimilator  
  89  6:03  Gateway, Probe, Warp Prism  
  94  6:04  Gateway  
  94  6:11  Gateway  
  94  6:12  Gateway  
  94  6:14  Pylon  
  94  6:19  High Templar  
  94  6:20  High Templar  
  98  6:27  Immortal  
  102  6:34  Shield Battery  
  102  6:35  Pylon  
  106  6:40  Immortal  
  106  6:49  Gateway  
  106  6:50  Gateway  
  106  6:53  Pylon  
  106  6:54  Pylon  
  106  6:56  High Templar  
  106  6:57  High Templar  
  106  7:00  Pylon  
  106  7:01  Pylon, Zealot  
  112  7:06  Zealot x2, Immortal  
  112  7:07  Zealot  
  122  7:11  Pylon  
  122  7:20  Fleet Beacon, Immortal  
  126  7:24  Zealot  
  120  7:38  Probe  
  120  7:41  Zealot x2  
  120  7:42  Zealot x3  
  131  7:45  Stargate x2  
  129  7:52  Immortal  
  129  7:56  Shield Battery  
  129  7:57  Shield Battery  
  133  8:00  Carrier  
  133  8:01  Immortal  
  133  8:21  Warp Prism, Archon  
  133  8:22  Carrier  
  133  8:24  High Templar, Zealot  
  141  8:36  Zealot x2  
  149  8:41  Zealot  
  149  8:42  Zealot  
  153  8:50  Zealot x3  
  153  8:53  Immortal  
  155  8:58  Zealot x3  
  161  9:05  Carrier  
  135  9:11  Protoss Air Weapons Level 1  
  137  9:17  Zealot x4  
  137  9:18  High Templar, Zealot  
  137  9:19  Carrier, Zealot x2  
  137  9:23  Pylon x2  
  153  9:26  Observer  
  153  9:33  Shield Battery  
  152  9:55  Zealot x4  
  152  9:56  Zealot x3  
  144  10:03  Void Ray  
  138  10:09  Carrier  
  138  10:11  High Templar  
  144  10:20  High Templar, Zealot x3  
  152  10:31  Zealot x2  
  152  10:33  Archon x2  
  150  10:41  Zealot  
  150  10:42  Zealot  
  126  10:49  Carrier  
  128  10:50  High Templar x2  
  128  10:55  High Templar, Zealot  
  132  11:03  Zealot x2  
  132  11:04  Zealot x2  
  140  11:15  Zealot  
  142  11:19  Carrier, Stargate  
  123  11:41  Nexus  
  123  11:43  High Templar x2, Zealot x2  
  123  11:44  Zealot  
  133  11:48  Zealot x2  
Show
View Real Time Build Order
Export as new Build Order

Rogue Zerg - Winner!

Build Orders: Hatch First, Swarm Host 

Get SALT Encoding   

  12  0:00  Drone  
  13  0:12  Overlord  
  13  0:16  Drone  
  14  0:30  Drone x2  
  16  0:48  Hatchery  
  15  0:50  Drone  
  15  0:53  Drone  
  17  0:57  Drone  
  18  1:08  Extractor  
  17  1:12  Spawning Pool  
  17  1:15  Drone  
  17  1:18  Drone  
  18  1:28  Drone  
  19  1:38  Drone  
  20  1:47  Hatchery  
  20  1:49  Drone  
  20  2:00  Queen  
  22  2:01  Drone  
  22  2:04  Drone  
  24  2:14  Drone, Metabolic Boost  
  25  2:17  Drone  
  25  2:22  Overlord  
  26  2:26  Zergling x2  
  27  2:31  Zergling x2  
  28  2:40  Queen  
  28  2:43  Queen, Zergling x2  
  33  2:47  Drone  
  33  2:49  Drone  
  35  2:54  Drone  
  36  3:01  Queen, Overlord  
  36  3:04  Drone  
  39  3:07  Drone  
  39  3:11  Drone x2  
  42  3:19  Drone x2  
  44  3:21  Queen  
  44  3:24  Spore Crawler  
  45  3:27  Spore Crawler  
  45  3:28  Drone  
  45  3:31  Drone  
  45  3:33  Drone  
  47  3:38  Drone x3  
  50  3:44  Overlord  
  50  3:47  Overlord  
  50  3:52  Overlord  
  50  4:02  Overlord  
  50  4:03  Drone  
  50  4:04  Drone x7  
  58  4:13  Drone x4  
  62  4:17  Roach Warren  
  62  4:19  Zergling x4  
  62  4:24  Zergling x8  
  65  4:30  Lair  
  65  4:33  Extractor x2  
  63  4:40  Drone  
  63  4:41  Drone x6  
  70  4:48  Extractor, Overlord  
  70  4:49  Extractor  
  70  4:50  Drone x2  
  70  4:54  Overlord  
  70  4:55  Overlord x2  
  70  4:56  Evolution Chamber  
  69  5:01  Drone x2  
  69  5:02  Drone x2  
  69  5:03  Overlord x2  
  73  5:12  Roach  
  73  5:13  Roach x3  
  81  5:16  Roach x2  
  82  5:22  Zerg Missile Weapons Level 1  
  82  5:25  Roach  
  82  5:26  Roach x2  
  82  5:28  Overseer  
  88  5:31  Extractor  
  88  5:33  Drone x2  
  89  5:35  Glial Reconstitution  
  89  5:37  Drone x4  
  89  5:38  Drone  
  89  5:39  Drone  
  95  5:45  Drone x3  
  95  5:46  Drone  
  99  5:51  Infestation Pit  
  99  5:53  Drone x3  
  98  5:59  Overlord  
  99  6:04  Drone  
  99  6:10  Overlord x3  
  99  6:11  Overlord  
  99  6:27  Swarm Host x9  
  99  6:30  Overseer  
  126  6:33  Swarm Host  
  129  6:47  Swarm Host x3  
  129  6:50  Overlord x2  
  129  6:52  Hatchery  
  137  6:55  Roach  
  137  6:56  Roach x4  
  147  7:04  Roach  
  147  7:05  Roach x4  
  147  7:06  Overlord  
  157  7:11  Swarm Host x2  
  157  7:14  Roach x2  
  167  7:23  Roach x5  
  167  7:24  Overlord  
  177  7:42  Swarm Host x3  
  186  7:44  Overlord  
  186  7:46  Drone  
  186  7:49  Hatchery  
  186  7:54  Ravager  
  186  7:55  Ravager x3  
  190  8:03  Zerg Missile Weapons Level 2  
  190  8:07  Zergling x2  
  190  8:08  Zergling x16  
  199  8:27  Roach x2  
  199  8:45  Roach  
  195  8:53  Roach, Spine Crawler  
  195  8:54  Roach x2  
  195  8:55  Spine Crawler  
  194  9:07  Roach x2  
  194  9:08  Roach x4  
  199  9:14  Spire  
  184  9:19  Zergling x2  
  184  9:20  Roach x7  
  199  9:28  Overseer  
  199  9:37  Overseer x3  
  199  9:39  Pneumatized Carapace  
  192  10:01  Zergling x2  
  192  10:02  Zergling x18  
  191  10:13  Drone x2  
  185  10:15  Extractor  
  185  10:16  Extractor  
  183  10:26  Corruptor x9  
  198  10:34  Corruptor x4  
  200  10:42  Overlord x2  
  200  10:47  Overlord x2  
  197  10:50  Hatchery  
  194  10:57  Overlord x2  
  194  10:59  Overseer x3  
  184  11:06  Corruptor  
  184  11:07  Corruptor x5  
  196  11:12  Zergling x4  
  196  11:16  Zergling x2  
  196  11:17  Corruptor x2  
  199  11:21  Zergling x2  
  195  11:31  Corruptor x3  
  197  11:32  Zergling x2  
  197  11:33  Zergling x4  
  197  11:46  Overlord  
  197  11:57  Overlord  
Tags
 
Add a new tag
Caveats
  • Supply blocks, unpowered buildings, or Contaminate may cause inaccurate times.
  • Supply counts are checked every 10 seconds.